 Dungeon Crawl Stone Soup version 0.19.0-9-gfd783f2 (webtiles) character file.

150 dobroeutro the Archer (level 5, -1/41 HPs)
             Began as a Centaur Hunter on Nov 7, 2016.
             Was an Initiate of Okawaru.
             Slain by a gnoll
             ... wielding a +0 club
              (8 damage)
             ... on level 3 of the Dungeon.
             The game lasted 00:03:59 (3126 turns).

dobroeutro the Archer (Centaur Hunter)              Turns: 3126, Time: 00:04:00

Health: -1/41      AC:  6    Str: 14    XL:     5   Next: 10%
Magic:  5/5        EV:  9    Int: 10    God:    Okawaru [......]
Gold:   95         SH:  0    Dex: 11    Spells: 0 memorised, 4 levels left

rFire  . . .     SeeInvis .     b - +0 short sword
rCold  + . .     Gourm    .     q - +1 leather armour {rC+}
rNeg   . . .     Faith    .     (no shield)
rPois  .         Spirit   .     (no helmet)
rElec  .         Reflect  .     h - +0 cloak (curse)
rCorr  +         Harm     .     (no gloves)
MR     .....                    (no barding)
Stlth  ++........               (no amulet)
                                k - ring of resist corrosion
                                e - ring of stealth

@: lethally poisoned (-1 -> -2), very quick
A: hooves 3, deformed body, speed 2, tough skin 3
a: Renounce Religion


You were on level 3 of the Dungeon.
You worshipped Okawaru.
Okawaru was noncommittal.
You were hungry.

You visited 1 branch of the dungeon, and saw 3 of its levels.

You collected 95 gold pieces.

Inventory:

Hand Weapons
 a - a +1 shortbow
 b - a +0 short sword (weapon)
Missiles
 d - 32 arrows
Armour
 h - a cursed +0 cloak (worn)
 q - a +1 leather armour of cold resistance (worn)
Jewellery
 e - a ring of stealth (left hand)
 k - a ring of resist corrosion (right hand)
Scrolls
 j - 3 scrolls of identify {unknown}
 n - a scroll of magic mapping {unknown}
 p - a scroll of blinking {unknown}
 s - a scroll of teleportation {unknown}
Potions
 c - a potion of heal wounds {unknown}
 i - 2 potions of curing {unknown}
 l - 3 potions of haste {unknown}
 r - a potion of flight {unknown}
Comestibles
 f - 2 bread rations
 g - a beef jerky
 m - a royal jelly
 o - a slice of pizza


   Skills:
 - Level 2.0 Fighting
 + Level 8.5 Bows
 - Level 1.3 Dodging
 - Level 0.4 Stealth


You had 4 spell levels left.
You didn't know any spells.

Dungeon Overview and Level Annotations

Branches:
Dungeon (3/15)

Altars:
Ashenzari
Gozag
Okawaru
Qazlal
Trog
Uskayaw


Innate Abilities, Weirdness & Mutations

You have hooves in place of feet.
Armour fits poorly on your strangely shaped body.
You cover ground very quickly.
You have extremely tough skin. (AC +3)


Message History

The gnoll is heavily wounded.
You feel sick. The gnoll closely misses you.
You are too injured to fight recklessly!
You are too injured to fight recklessly!
You are too injured to fight recklessly!
You are too injured to fight recklessly!
You are too injured to fight recklessly!
You are too injured to fight recklessly!
You hit the gnoll. You kick the gnoll.
You kill the gnoll!
Okawaru accepts your kill.
You hit the gnoll.
The gnoll is lightly wounded.
You are feeling hungry.
The gnoll hits you with a club.
* * * LOW HITPOINT WARNING * * *
You closely miss the gnoll.
The gnoll is lightly wounded.
You feel sick. The gnoll hits you with a club!
You die...

#.# #
###########.#
.
#(..........#
#
#(###########
# #.# #.# #.#
#.# #@#
###g###
...(...
.......
.......
........##
.....?r..<#
#.........$#
###.#.#.#


You could see a gnoll and a rat.

Vanquished Creatures
  Terence (D:2)
  3 gnolls (D:3)
  2 adders
  2 oozes (D:1)
  4 worms
  A dart slug (D:2)
  2 leopard geckos
  An orc (D:3)
  A ball python (D:1)
  3 giant cockroaches (D:1)
  6 goblins
  8 hobgoblins
  2 jackals (D:2)
  4 bats
  2 frilled lizards
  11 kobolds
  2 rats (D:3)
55 creatures vanquished.

Notes
Turn   | Place    | Note
-------+----------+-------------------------------------------
     0 | D:1      | dobroeutro the Centaur Hunter began the quest for the Orb.
     0 | D:1      | Reached XP level 1. HP: 17/17 MP: 1/1
    88 | D:1      | Reached XP level 2. HP: 21/24 MP: 2/2
    98 | D:1      | Reached skill level 6 in Bows
   576 | D:1      | Reached XP level 3. HP: 25/29 MP: 3/3
   978 | D:1      | You fall through a shaft!
  1063 | D:2      | Noticed Terence
  1075 | D:2      | Killed Terence
  1075 | D:2      | Reached skill level 7 in Bows
  1075 | D:2      | Reached XP level 4. HP: 24/36 MP: 4/4
  1329 | D:2      | Found a hide-covered altar of Uskayaw.
  1329 | D:2      | Found a stormy altar of Qazlal.
  1334 | D:2      | Found an opulent altar of Gozag.
  1336 | D:2      | Found a shattered altar of Ashenzari.
  1338 | D:2      | Found a faded altar of an unknown god.
  2128 | D:2      | Found a faded altar of an unknown god.
  2159 | D:2      | Found a bloodstained altar of Trog.
  2159 | D:2      | Found an iron altar of Okawaru.
  2258 | D:2      | Became a worshipper of Warmaster Okawaru
  2449 | D:3      | Reached skill level 8 in Bows
  3068 | D:3      | Reached XP level 5. HP: 41/41 MP: 5/5
  3126 | D:3      | Slain by a gnoll

Skill      XL: |  1  2  3  4 |
---------------+-------------+-----
Bows           | 6 7 8 |  8.5
Fighting       | |  2.0
Dodging        | |  1.3
Stealth        | |  0.4

Action                   |  1- 3 |  4- 6 || total
-------------------------+-------+-------++-------
Melee: Short sword       |    83 |   137 ||   220
       Kick              |    18 |    39 ||    57
 Fire: Shortbow          |    10 |    22 ||    32
 Stab: Sleeping          |     4 |     2 ||     6
  Eat: Chunk             |       |     5 ||     5
Armor: Leather armour    |    17 |    29 ||    46
       Skin              |    10 |     9 ||    19
Dodge: Dodged            |    49 |    80 ||   129
